 Dungeon Crawl Stone Soup version 0.31-a0-210-gccc998df9b (webtiles) character file.

Game seed: 14774660180775132403

4495 qw the Skirmisher (level 10, -6/64 HPs)
             Began as a Gargoyle Hexslinger on June 29, 2023.
             Was a Believer of Okawaru.
             Engulfed by a steam dragon's steam (13 damage)
             ... on level 7 of the Dungeon.
             The game lasted 00:03:17 (6675 turns).

qw the Skirmisher (Gargoyle Hexslinger)             Turns: 6675, Time: 00:03:17

Health: -6/64      AC: 15    Str: 12    XL:     10   Next: 38%
Magic:  11/13      EV: 20    Int: 14    God:    Okawaru [**....]
Gold:   842        SH:  0    Dex: 24    Spells: 10/11 levels left

rFire   x . .        Y - +5 sling
rCold   . . .        (no shield)
rNeg    + . .        f - +2 robe of Muahut {rF- Dex+8}
rPois   inf          (no helmet)
rElec   +            (no cloak)
rCorr   .            (no gloves)
SInv    +            (no boots)
Will    .....        m - amulet of the acrobat
Stlth   +++          k - +4 ring of protection
HPRegen 0.30/turn    i - ring of see invisible
MPRegen 0.13/turn

%: acrobat
@: heroic
A: sickness immunity, AC +7, negative energy resistance 1, electricity
resistance, torment resistance 1, petrification resistance
a: Renounce Religion, Heroism


You were on level 7 of the Dungeon.
You worshipped Okawaru.
Okawaru was pleased with you.
You visited 2 branches of the dungeon, and saw 8 of its levels.
You also visited: Ossuary.

You collected 842 gold pieces.


Innate Abilities, Weirdness & Mutations

You are immune to sickness and miasma.
Your stone body is resilient. (AC +7)
You are immune to poison.
You resist negative energy. (rN+)
You are resistant to electric shocks. (rElec)
You are resistant to unholy torment.
You are immune to petrification.


   Skills:
 - Level 8.0(13.0) Fighting
 + Level 11.5(16.5) Ranged Weapons
 - Level 1.8(6.8) Armour
 - Level 4.1(9.1) Dodging
 - Level 1.0 Spellcasting
 - Level 2.6 Hexes
 - Level 4.0 Invocations


You had 10 spell levels left.
You knew the following spells:

 Your Spells              Type           Power      Damage    Failure   Level
a - Slow                  Hex            32%        N/A       9%          1

Your spell library contained the following spells:

 Spells                   Type           Power      Damage    Failure   Level
 Inner Flame              Hex/Fire       4%         N/A       41%         3
 Portal Projectile        Hex/Tloc       8%         N/A       41%         3
 Cause Fear               Hex            4%         N/A       65%         4

Inventory:

Hand Weapons
 Y - a +5 sling (weapon)
Armour
 e - a +1 robe of fire resistance
 f - the +2 robe of Muahut (worn) {rF- Dex+8}
   (You found it on level 4 of the Dungeon)

   Dex:       It affects your dexterity (+8).
   rF:        It makes you vulnerable to fire.
Jewellery
 i - a ring of see invisible (right hand)
 k - a +4 ring of protection (left hand)
 m - an amulet of the acrobat (around neck)
Scrolls
 b - a scroll of identify
Potions
 a - 6 potions of might
 d - 2 potions of enlightenment
 g - 2 potions of cancellation
 j - a potion of mutation
 l - 3 potions of haste
 n - a potion of resistance

Dungeon Overview and Level Annotations

Branches:
Dungeon (7/15)             Temple (1/1) D:4         Ossuary (visited)

Altars:
Ashenzari
Cheibriados
Elyvilon
Fedhas
Gozag
Hepliaklqana
Kikubaaqudgha
Makhleb
Nemelex Xobeh
Okawaru
Qazlal
Sif Muna
Trog
Uskayaw
Vehumet
Xom
Yredelemnul
The Shining One

Shops:
D:6 :

Annotations:
D:3 4 runed translucent doors, Crazy Yiuf; qw's ghost, amateur DEHu


Message History

The steam dragon is lightly wounded.
You are engulfed in a cloud of scalding steam.
The steam dragon breathes steam at you. The ball of steam misses you.
You shoot a sling bullet. The sling bullet hits the steam dragon.
The steam dragon is moderately wounded.
You are engulfed in a cloud of scalding steam.
The steam dragon closely misses you. The steam dragon barely misses you.
The cyclops misses you.
You shoot a sling bullet.
The sling bullet hits the steam dragon but does no damage.
The steam dragon is moderately wounded.
You are engulfed in a cloud of scalding steam.
You shoot a sling bullet. The sling bullet hits the steam dragon!
The steam dragon is heavily wounded.
The steam dragon bites you! The steam dragon completely misses you.
The cyclops is engulfed in a cloud of scalding steam.
The cyclops misses you.
6670 ||| Stepping ~*~*~tactically~*~*~ (outnumbered).
You shoot a sling bullet.
The sling bullet barely misses the steam dragon.
The sling bullet hits the cyclops!
The cyclops is severely wounded.
The steam dragon barely misses you. The steam dragon claws you.
You shoot a sling bullet. The sling bullet hits the cyclops.
The cyclops is severely wounded.
The steam dragon misses you. The steam dragon completely misses you.
You shoot a sling bullet. The sling bullet hits the cyclops.
The cyclops is severely wounded.
The cyclops hits you.
You shoot a sling bullet. The sling bullet hits the cyclops.
The cyclops is almost dead.
You feel like a meek peon again. The steam dragon breathes steam at you.
The ball of steam misses you.
6675 ||| INVOKING Heroism.
You gain the combat prowess of a mighty hero.
Okawaru will no longer gift you throwing weapons.
You are engulfed in a cloud of scalding steam.
You die...

#.# ..+ ## #.# .
#.# #. #.## ##
#.###..## #5
#.......## #.
#.#......###+####.
#.#.####.#..##@#h#
## # #.#.#
#.#.##CD#.#...#. #
#.#.#
#.%.#.#5o%o.....
###.#.#
#.#).##.#....}")
##....#
#.#.##..#.##}[=)
##.#.##
..###+####. ###
##.#.# ..## #.
#....# ..# #.
.###.##.# ##


You could see a cyclops, a steam dragon (catching breath), an orc wizard and a
white imp.

Vanquished Creatures
  Pikel (D:7)
  A vampire (D:7)
  A wyvern (D:7)
  2 yaks (D:7)
  A shadow (D:7)
  A steam dragon (D:6)
  Duvessa (D:6)
  2 water moccasins (D:6)
  3 ice beasts
  3 hornet zombies (Ossuary)
  A sky beast (D:7)
  An ogre (D:6)
  A phantom (D:5)
  A kobold brigand (D:6)
  3 wyvern zombies (Ossuary)
  3 scorpions
  3 water moccasin zombies (Ossuary)
  Dowan (D:6)
  2 howler monkeys
  3 centaur zombies (Ossuary)
  4 bullfrog zombies (Ossuary)
  8 hounds
  2 orc priests
  A sleepcap (D:6)
  A jelly (D:6)
  6 iguanas
  Natasha (twice) (D:4)
  5 orc wizards
  3 killer bee zombies (Ossuary)
  2 howler monkey zombies (Ossuary)
  10 mummies (Ossuary)
  11 gnolls
  3 adders
  A white imp (D:5)
  4 worms
  3 dart slugs
  11 orcs
  5 endoplasms
  5 giant cockroaches
  7 hobgoblins
  3 jackals (D:5)
  11 kobolds
  3 quokkas
  5 ball pythons
  2 bats
  A frilled lizard (D:2)
  11 goblins
  6 rats
  A spectral goblin (D:6)
172 creatures vanquished.

Vanquished Creatures (others)
  A human (D:5)
1 creature vanquished.

Grand Total: 173 creatures vanquished

Notes
Turn   | Place    | Note
-------+----------+-------------------------------------------
     0 | D:1      | qw the Gargoyle Hexslinger began the quest for the Orb.
     0 | D:1      | Reached XP level 1. HP: 12/12 MP: 2/2
     0 | D:1      | 0 ||| qw: Version: 0.3-a-24-ga2abf7b
     0 | D:1      | 0 ||| qw: Game counter: 6801
     0 | D:1      | 0 ||| qw: Melee chars always use a shield: true
     0 | D:1      | 0 ||| qw: God list: Okawaru
     0 | D:1      | 0 ||| qw: Allow faded altars: false
     0 | D:1      | 0 ||| qw: Do Orc after clearing Dungeon:15 true
     0 | D:1      | 0 ||| qw: Do second Lair branch before Depths: true
     0 | D:1      | 0 ||| qw: Lair rune preference: random
     0 | D:1      | 0 ||| qw: Goals: Normal
     0 | D:1      | 0 ||| PLANNING D:1-11
   141 | D:1      | 141 ||| FLEEEEING.
   161 | D:1      | Reached XP level 2. HP: 16/16 MP: 3/3
   242 | D:1      | Reached skill level 3 in Ranged Weapons
   866 | D:1      | 866 ||| UPGRADING to +0 ring mail.
   876 | D:1      | 876 ||| DROPPING +0 robe.
   877 | D:1      | 877 ||| UPGRADING to +4 ring of protection.
   878 | D:1      | 878 ||| READING scroll labelled KIJE KOZIDUU.
   879 | D:1      | 879 ||| READING scroll labelled PEIKKO SYREQI.
   880 | D:1      | 880 ||| READING scroll labelled KYB UTAIWNI.
   881 | D:1      | 881 ||| READING scroll labelled OMPIS RAPN.
   882 | D:1      | 882 ||| DRINKING 2 sedimented puce potions.
   883 | D:1      | 883 ||| DROPPING scroll of poison.
   902 | D:2      | 902 ||| STAIRDANCE
   908 | D:1      | Reached XP level 3. HP: 15/21 MP: 4/4
  1457 | D:2      | Found a faded altar of an unknown god.
  1471 | D:2      | 1471 ||| READING scroll labelled RAACAE HIMMYE.
  1618 | D:2      | 1618 ||| READING scroll labelled EKHLYRGH ADDIJ.
  1619 | D:2      | 1619 ||| DRINKING 3 sapphire potions.
  1662 | D:3      | 1662 ||| FLEEEEING.
  1663 | D:3      | 1663 ||| FLEEEEING.
  1688 | D:3      | Reached XP level 4. HP: 26/26 MP: 5/5
  1727 | D:3      | 1727 ||| READING scroll of enchant weapon.
  1727 | D:3      | 1727 ||| ENCHANTING +2 sling.
  1819 | D:3      | Found a runed translucent gate.
  1819 | D:3      | Found a runed translucent gate.
  1819 | D:3      | Found a runed translucent gate.
  1822 | D:3      | Noticed qw's ghost (amateur DEHu)
  1825 | D:3      | Noticed a kobold brigand
  1926 | D:3      | Reached skill level 4 in Ranged Weapons
  1951 | D:3      | Found a runed translucent door.
  1952 | D:3      | Noticed Crazy Yiuf
  2034 | D:3      | 2034 ||| READING 2 scrolls labelled YCRETTYIFFU.
  2035 | D:3      | 2035 ||| READING scroll labelled JILOETZ UTZER.
  2164 | D:4      | Reached skill level 1 in Armour
  2183 | D:4      | 2183 ||| FLEEEEING.
  2231 | D:4      | Noticed Natasha
  2246 | D:4      | Killed Natasha
  2247 | D:4      | Reached XP level 5. HP: 15/30 MP: 6/6
  2273 | D:4      | 2273 ||| FLEEEEING.
  2274 | D:4      | 2274 ||| FLEEEEING.
  2275 | D:4      | 2275 ||| FLEEEEING.
  2276 | D:4      | 2276 ||| FLEEEEING.
  2277 | D:4      | 2277 ||| FLEEEEING.
  2278 | D:4      | 2278 ||| FLEEEEING.
  2368 | D:4      | Found a staircase to the Ecumenical Temple.
  2369 | D:4      | 2369 ||| PLANNING TEMPLE
  2369 | D:4      | 2369 ||| READING scroll labelled HIMAPLIWNY.
  2391 | D:4      | 2391 ||| DRINKING 2 red potions.
  2392 | D:4      | 2392 ||| DROPPING potion of attraction.
  2405 | Temple   | Entered the Ecumenical Temple
  2497 | Temple   | 2497 ||| PLANNING OKAWARU WORSHIP
  2558 | Temple   | Became a worshipper of Warmaster Okawaru
  2559 | Temple   | 2559 ||| PLANNING D:1-11
  2589 | D:4      | 2589 ||| Stepping ~*~*~tactically~*~*~ (outnumbered).
  2593 | D:4      | Reached skill level 5 in Ranged Weapons
  2707 | D:4      | Noticed Natasha
  2716 | D:4      | Killed Natasha
  2775 | D:4      | Reached skill level 3 in Fighting
  2775 | D:4      | Reached XP level 6. HP: 25/37 MP: 7/7
  2779 | D:4      | HP: 4/37 [gnoll/+0 halberd (12)]
  2780 | D:4      | 2780 ||| DRINKING potion of heal wounds.
  2785 | D:4      | HP: 6/37 [gnoll/+0 spear (1)]
  3024 | D:4      | Identified the +2 robe of Muahut {rF- Dex+8}
  3159 | D:4      | 3159 ||| UPGRADING to +2 robe of Muahut {rF- Dex+8}.
  3169 | D:4      | 3169 ||| DROPPING +0 ring mail.
  3170 | D:4      | 3170 ||| READING 3 scrolls of identify.
  3170 | D:4      | 3170 ||| IDENTIFYING orange potion
  3171 | D:4      | 3171 ||| READING 2 scrolls of identify.
  3171 | D:4      | 3171 ||| IDENTIFYING smoky ruby potion
  3188 | D:5      | Entered Level 5 of the Dungeon
  3189 | D:5      | 3189 ||| PLANNING OSSUARY
  3199 | D:5      | Found a sand-covered staircase.
  3208 | Ossuary  | Entered an ossuary
  3225 | Ossuary  | 3225 ||| Stepping ~*~*~tactically~*~*~ (outnumbered).
  3226 | Ossuary  | Reached * piety under Okawaru
  3227 | Ossuary  | 3227 ||| INVOKING Heroism.
  3249 | Ossuary  | Reached skill level 6 in Ranged Weapons
  3249 | Ossuary  | 3249 ||| INVOKING Heroism.
  3252 | Ossuary  | Reached XP level 7. HP: 13/42 MP: 5/8
  3261 | Ossuary  | 3261 ||| INVOKING Heroism.
  3320 | Ossuary  | 3320 ||| FLEEEEING.
  3321 | Ossuary  | 3321 ||| FLEEEEING.
  3330 | Ossuary  | HP: 5/43 [wyvern zombie (10)]
  3332 | Ossuary  | 3332 ||| INVOKING Heroism.
  3424 | Ossuary  | Reached skill level 7 in Ranged Weapons
  3523 | Ossuary  | Reached XP level 8. HP: 22/48 MP: 9/9
  3559 | Ossuary  | 3559 ||| FLEEEEING.
  3560 | Ossuary  | 3560 ||| FLEEEEING.
  3561 | Ossuary  | 3561 ||| FLEEEEING.
  3562 | Ossuary  | 3562 ||| FLEEEEING.
  3563 | Ossuary  | 3563 ||| INVOKING Heroism.
  3589 | Ossuary  | 3589 ||| INVOKING Heroism.
  3602 | Ossuary  | Reached skill level 8 in Ranged Weapons
  3623 | Ossuary  | 3623 ||| FLEEEEING.
  3748 | Ossuary  | Reached skill level 1 in Invocations
  3782 | Ossuary  | 3782 ||| READING scroll of enchant weapon.
  3782 | Ossuary  | 3782 ||| ENCHANTING +3 sling.
  3792 | Ossuary  | 3792 ||| READING scroll of enchant weapon.
  3792 | Ossuary  | 3792 ||| ENCHANTING +4 sling.
  3959 | Ossuary  | Reached skill level 3 in Invocations
  4002 | Ossuary  | 4002 ||| READING scroll labelled BIDWOK XARUJAH.
  4002 | Ossuary  | Identified a scroll of acquirement
  4002 | Ossuary  | 4002 ||| ACQUIRING 631 gold pieces
  4002 | Ossuary  | Acquired 631 gold pieces
  4004 | Ossuary  | 4004 ||| READING scroll labelled CEKHLU WEWOID.
  4005 | Ossuary  | 4005 ||| READING scroll labelled IQEEKI RIOSEABBUUR.
  4006 | Ossuary  | 4006 ||| DRINKING 2 murky orange potions.
  4007 | Ossuary  | 4007 ||| READING 3 scrolls of identify.
  4007 | Ossuary  | 4007 ||| IDENTIFYING dark potion
  4008 | Ossuary  | 4008 ||| READING 2 scrolls of identify.
  4008 | Ossuary  | 4008 ||| IDENTIFYING fuming purple potion
  4009 | Ossuary  | 4009 ||| DROPPING potion of brilliance.
  4010 | Ossuary  | 4010 ||| DROPPING potion of lignification.
  4031 | D:5      | 4031 ||| PLANNING D:1-11
  4277 | D:5      | Reached skill level 3 in Dodging
  4306 | D:5      | Reached ** piety under Okawaru
  4465 | D:5      | Reached XP level 9. HP: 54/54 MP: 12/12
  4466 | D:5      | 4466 ||| INVOKING Heroism.
  4576 | D:5      | Reached skill level 9 in Ranged Weapons
  4630 | D:5      | Found an ancient bone altar of Kikubaaqudgha.
  4682 | D:5      | Reached skill level 6 in Fighting
  5004 | D:5      | 5004 ||| UPGRADING to ring of see invisible.
  5005 | D:5      | 5005 ||| READING 2 scrolls of identify.
  5005 | D:5      | 5005 ||| IDENTIFYING murky dark potion
  5006 | D:5      | 5006 ||| DROPPING potion of ambrosia.
  5136 | D:6      | 5136 ||| INVOKING Heroism.
  5157 | D:6      | Noticed Duvessa
  5157 | D:6      | Noticed Dowan
  5158 | D:6      | 5158 ||| INVOKING Heroism.
  5162 | D:6      | Killed Dowan
  5173 | D:6      | Killed Duvessa
  5251 | D:6      | Found Tahuibufeff's Book Shoppe.
  5538 | D:6      | Reached skill level 10 in Ranged Weapons
  5570 | D:6      | 5570 ||| INVOKING Heroism.
  5815 | D:6      | 5815 ||| INVOKING Heroism.
  6008 | D:6      | Found a hazy altar of Hepliaklqana.
  6408 | D:6      | 6408 ||| UPGRADING to amulet of the acrobat.
  6413 | D:6      | 6413 ||| READING 3 scrolls of identify.
  6413 | D:6      | 6413 ||| IDENTIFYING sedimented green potion
  6414 | D:6      | 6414 ||| READING 2 scrolls of identify.
  6414 | D:6      | 6414 ||| IDENTIFYING smoky orange potion
  6443 | D:7      | 6443 ||| Stepping ~*~*~tactically~*~*~ (outnumbered).
  6446 | D:7      | 6446 ||| INVOKING Heroism.
  6447 | D:7      | 6447 ||| Stepping ~*~*~tactically~*~*~ (outnumbered).
  6474 | D:7      | 6474 ||| INVOKING Heroism.
  6488 | D:7      | 6488 ||| DRINKING 4 potions of curing.
  6488 | D:7      | 6488 ||| (to cure confusion)
  6517 | D:7      | Noticed Pikel
  6518 | D:7      | 6518 ||| INVOKING Heroism.
  6529 | D:7      | Killed Pikel
  6530 | D:7      | Reached skill level 11 in Ranged Weapons
  6530 | D:7      | Reached XP level 10. HP: 55/63 MP: 11/13
  6580 | D:7      | 6580 ||| INVOKING Heroism.
  6584 | D:7      | 6584 ||| DRINKING 3 potions of curing.
  6584 | D:7      | 6584 ||| (to cure confusion)
  6588 | D:7      | 6588 ||| DRINKING 2 potions of curing.
  6588 | D:7      | 6588 ||| (to cure confusion)
  6595 | D:7      | 6595 ||| DRINKING potion of curing.
  6595 | D:7      | 6595 ||| (to cure confusion)
  6597 | D:7      | 6597 ||| FLEEEEING.
  6642 | D:7      | 6642 ||| INVOKING Heroism.
  6651 | D:7      | 6651 ||| Stepping ~*~*~tactically~*~*~ (outnumbered).
  6652 | D:7      | Reached *** piety under Okawaru
  6655 | D:7      | Noticed a cyclops
  6663 | D:7      | HP: 13/64 [steam dragon/ball of steam (21)]
  6664 | D:7      | 6664 ||| DRINKING potion of heal wounds.
  6669 | D:7      | HP: 13/64 [steam dragon (8)]
  6670 | D:7      | 6670 ||| Stepping ~*~*~tactically~*~*~ (outnumbered).
  6675 | D:7      | 6675 ||| INVOKING Heroism.
  6675 | D:7      | Engulfed by a steam dragon's steam

Levels and vault maps discovered:
D:1:      dpeg_arrival_tiny_h, layout_basic
D:2:      layout_loops_cross, serial_glass, glass_columns_a, glass_columns_a,
          due_unseen_surprise, feat_on_display, minmay_strange_pillars,
          minmay_strange_pillars, dreamdust_ecumenical_altar_grove,
          kennysheep_decorative_pillar
D:3:      layout_rooms, gammafunk_ghost_nasty_kobolds, uniq_crazy_yiuf_cottage
D:4:      layout_basic, minmay_temple_entry_trees, uniq_natasha
D:5:      layout_basic, tgw_kikubaaqudgha, chequers_ossuary_entry_cave,
          kennysheep_generic_room_10
D:6:      layout_layer_cave, nicolae_hepliaklqana_monster_ancestors,
          serial_shops, nicolae_shop_hallway_stairs, uniq_duvessa
D:7:      minmay_the_grid_octo_tiled_octocenter [minmay_the_grid_octo_empty,
          minmay_the_grid_octo_checkerflower,
          minmay_the_grid_octo_thin_diamonds, minmay_the_grid_octo_77,
          minmay_the_grid_octo_prize_ultimate_mussel_roller,
          minmay_the_grid_square_5x5_almost_minimal,
          minmay_the_grid_square_5x5_comb, minmay_the_grid_square_5x5_bracketed,
          minmay_the_grid_square_5x5_n], layout_loops_ring, serial_shops,
          nicolae_book_shop_shelving, uniq_pikel
Temple:   eino_temple_scatter_basement

Skill      XL: |  1  2  3  4  5  6  7  8  9 10 |
---------------+-------------------------------+-----
Ranged Weapons | 3 4 5 6 7 8 11 | 11.5
Fighting       | 2 3 4 5 7 8 |  8.0
Armour         | 1 |  1.8
Dodging        | 2 3 4 |  4.1
Invocations    | 4 |  4.0
Spellcasting   | |  1.0
Hexes          | |  2.6

Action                     |  1- 3 |  4- 6 |  7- 9 | 10-12 || total
---------------------------+-------+-------+-------+-------++-------
   Fire: Sling             |   123 |   183 |   426 |    81 ||   813
 Invoke: Heroism           |       |     2 |    12 |     3 ||    17
    Use: Scroll            |     6 |     6 |    10 |       ||    22
         Potion            |     2 |     2 |     2 |     4 ||    10
 Armour: Robe              |     3 |    15 |    81 |    10 ||   109
         Ring mail         |     7 |    60 |       |       ||    67
  Dodge: Dodged            |    26 |    85 |   158 |    53 ||   322

Table legend:
 A = Non-vault XP
 B = Vault XP
 C = Vault XP percentage of total XP
 D = Non-vault monster count
 E = Vault monster count
 F = Vault count percentage of total count
                 A         B        C        D         E       F
            +---------+---------+-------+---------+---------+-------
      Total |    2523 |    3899 |  60.7 |     123 |      49 |  28.5
            +---------+---------+-------+---------+---------+-------
        D:1 |      36 |       0 |   0.0 |      21 |       0 |   0.0
        D:2 |      37 |       0 |   0.0 |      17 |       0 |   0.0
        D:3 |      22 |       0 |   0.0 |      11 |       0 |   0.0
        D:4 |     344 |      35 |   9.2 |      22 |       1 |   4.3
        D:5 |     776 |      35 |   4.3 |      23 |       1 |   4.2
        D:6 |    1148 |     217 |  15.9 |      21 |       4 |  16.0
        D:7 |     160 |    2063 |  92.8 |       8 |      12 |  60.0
    Ossuary |       0 |    1549 | 100.0 |       0 |      31 | 100.0
            +---------+---------+-------+---------+---------+-------
